 Dungeon Crawl Stone Soup version 0.24-a0-244-ga6a6ab7d13 (webtiles) character file.

Game seed: 15051518660026276446

49144 MirrMurr the Unseen (level 14, -4/72 HPs)
             Began as a Spriggan Enchanter on Apr 10, 2019.
             Was the Champion of Wu Jian.
             Shot with a bolt by a yaktaur (15 damage)
             ... on level 13 of the Dungeon.
             The game lasted 01:21:12 (26342 turns).

MirrMurr the Unseen (Spriggan Enchanter)           Turns: 26342, Time: 01:21:13

Health: -4/72      AC: 14    Str:  8    XL:     14   Next: 14%
Magic:  24/24      EV: 34    Int: 21    God:    Wu Jian [******]
Gold:   460        SH: 12    Dex: 22    Spells: 1/25 levels left

rFire    . . .     SeeInvis +   a - +11 dagger of Ditil {elec, rElec rPois}
rCold    . . .     Gourm    .   y - +3 buckler of Beogh's Envy {Int+5 Dex+4}
rNeg     . . .     Faith    .   V - +1 steam dragon scales of Hama {*Corrode +Fly rPois}
rPois    +         Spirit   .   p - +2 hat
rElec    +         Reflect  .   g - +2 cloak {MR+}
rCorr    .         Harm     .   (gloves unavailable)
MR       +++..                  (boots unavailable)
Stlth    ++++++++..             D - amulet of regeneration
HPRegen  0.62/turn              W - +3 ring of protection (curse)
MPRegen  0.19/turn              v - ring of stealth

@: very quick
A: very small, unfitting armour, see invisible, herbivore, speed 3, slow
metabolism 2
a: Wall Jump, Serpent's Lash, Heavenly Storm, Renounce Religion, Evoke Flight


You were on level 13 of the Dungeon.
You worshipped Wu Jian.
Wu Jian was exalted by your worship.
You were hungry.

You visited 2 branches of the dungeon, and saw 19 of its levels.
You also visited: Ossuary and Bailey.

You collected 1220 gold pieces.
You spent 760 gold pieces at shops.

Inventory:

Hand Weapons
 a - the +11 dagger of Ditil (weapon) {elec, rElec rPois}
   (You found it on level 3 of the Lair of Beasts)

   Occasionally, upon striking a foe, it will discharge some electrical energy
   and cause terrible harm.
   It insulates you from electricity.
   It protects you from poison.
 b - a +8 hunting sling
 q - a +0 blowgun
 w - a +7 quick blade
 x - a +4 scimitar of freezing
Missiles
 d - a throwing net {!f}
 l - 634 stones (quivered)
 t - 79 poisoned needles
 N - 165 sling bullets
Armour
 g - a +2 cloak of magic resistance (worn)
 p - a +2 hat (worn)
 y - the +3 buckler of Beogh's Envy (worn) {Int+5 Dex+4}
   (You acquired it on level 11 of the Dungeon)

   It affects your intelligence (+5).
   It affects your dexterity (+4).
 V - the +1 steam dragon scales of Hama (worn) {*Corrode +Fly rPois}
   (You bought it in a shop on level 9 of the Dungeon)

   It protects you from poison.
   It lets you fly.
   It may corrode you when you take damage.
Jewellery
 v - a ring of stealth (right hand)
 B - a +3 ring of intelligence
 D - an amulet of regeneration (around neck)
 K - an uncursed ring of protection from fire
 Q - an uncursed ring of positive energy
 W - a cursed +3 ring of protection (left hand)
Wands
 h - a wand of iceblast (46)
 i - a wand of digging (14)
 s - a wand of random effects (38)
 z - a wand of clouds (8)
 P - a wand of enslavement (11)
 S - a wand of polymorph (10)
 T - a wand of flame (22)
 X - a wand of acid (13)
Scrolls
 k - 10 scrolls of teleportation
 o - 2 scrolls of enchant armour
 r - 10 scrolls of remove curse
 A - 2 scrolls of fear
 E - 2 scrolls of fog
 F - 4 scrolls of blinking
 G - 3 scrolls of magic mapping
 U - a scroll of torment {unknown}
 Z - a scroll of summoning
Potions
 e - 4 potions of flight
 f - 15 potions of curing
 j - 2 potions of magic
 m - 7 potions of heal wounds
 n - a potion of berserk rage
 u - 4 potions of haste
 C - a potion of cancellation {unknown}
 H - a potion of ambrosia {unknown}
 I - 4 potions of might
 J - 2 potions of lignification
 L - 2 potions of mutation
 M - 2 potions of brilliance
 O - 4 potions of agility
 R - a potion of experience {unknown}
 Y - a potion of invisibility {unknown}
Comestibles
 c - 10 rations


   Skills:
 + Level 7.4 Fighting
 - Level 11.8 Short Blades
 * Level 3.2 Slings
 + Level 16.1 Dodging
 + Level 16.4 Stealth
 - Level 7.2 Shields
 - Level 6.1 Spellcasting
 - Level 10.0 Hexes


You had one spell level left.
You knew the following spells:

 Your Spells              Type           Power        Failure   Level  Hunger
a - Ensorcelled Hibernat  Hex/Ice        ####..       1%          2    None
b - Confuse               Hex            #####...     1%          3    ##.....
c - Tukima's Dance        Hex            #####...     1%          3    ##.....
d - Dazzling Spray        Conj/Hex       ####..       3%          3    ##.....
e - Spectral Weapon       Hex/Chrm       ####....     3%          3    ##.....
f - Poisonous Vapours     Pois/Air       #.....       14%         2    None
g - Summon Butterflies    Summ           #.......     10%         1    None
i - Invisibility          Hex            #####...     24%         6    #######
A - Apportation           Tloc           #.....       10%         1    None

Your spell library contained the following spells:

 Spells                   Type           Power        Failure   Level  Hunger
 Corona                   Hex            #####..      1%          1    None
 Animate Skeleton         Necr           N/A          10%         1    None
 Beastly Appendage        Tmut           #.....       10%         1    None
 Infusion                 Chrm           #...         10%         1    None
 Pain                     Necr           #...         10%         1    None
 Shroud of Golubria       Chrm/Tloc      #.........   14%         2    None
 Song of Slaying          Chrm           #.......     14%         2    None
 Sticks to Snakes         Tmut           #.......     14%         2    None
 Conjure Flame            Conj/Fire      #.......     28%         3    ##.....
 Lesser Beckoning         Tloc           #.........   28%         3    ##.....
 Recall                   Summ/Tloc      N/A          28%         3    ##.....
 Regeneration             Chrm/Necr      #.........   28%         3    ##.....
 Spider Form              Tmut/Pois      #.........   28%         3    ##.....
 Vampiric Draining        Necr           #.........   28%         3    ##.....
 Animate Dead             Necr           N/A          67%         4    ####...
 Ice Form                 Ice/Tmut       #.......     67%         4    ####...
 Alistair's Intoxication  Tmut/Pois      #.......     95%         5    #####..
 Blade Hands              Tmut           #.........   95%         5    #####..
 Bolt of Magma            Conj/Fire/Erth #.........   95%         5    #####..
 Borgnjor's Vile Clutch   Necr/Erth      #.........   95%         5    #####..
 Venom Bolt               Conj/Pois      #.........   95%         5    #####..
 Death Channel            Necr           #.........   100%        6    #######
 Simulacrum               Ice/Necr       #.........   100%        6    #######


Dungeon Overview and Level Annotations

Branches:
Dungeon (13/15)            Temple (0/1) D:5            Lair (6/6) D:9
 Shoals (0/4) Lair:2       Spider (0/4) Lair:3        Slime (0/5) Lair:5
    Orc (0/2) D:10         Vaults (0/5) D:13

Altars:
Ashenzari
Cheibriados
Fedhas
Hepliaklqana
Kikubaaqudgha
Nemelex Xobeh
Qazlal
Ru
Sif Muna
Vehumet
Wu Jian
Yredelemnul
Zin

Shops:
D:4 (   D:9 [

Annotations:
D:6 2 transporters, Azzok's ghost, novice OpTm
D:9 2 runed translucent doors, exclusion: orange crystal statue
D:12 1 runed translucent door, UristMcMason's ghost, journeyman DECj


Innate Abilities, Weirdness & Mutations

You are very small and have problems with some larger weapons.
You are too small for most types of armour.
You have supernaturally acute eyesight. (SInv)
You are a herbivore.
You cover ground extremely quickly.
You need to consume almost no food.


Message History

You puncture the kobold demonologist!
The kobold demonologist is severely wounded.
The kobold demonologist completely misses you.
You puncture the kobold demonologist!
Lightning courses through the kobold demonologist!
You kill the kobold demonologist!
The Council accepts your kill.
No target in view!
No target in view!
You start resting.
Magic restored.
Things that are here:
a cursed -1 dagger; a cursed +0 robe; a kobold corpse
There is a stone staircase leading down, spattered with blood here.
You climb downwards.
The yaktaur captain shoots a bolt.
The bolt hits you!!
The yaktaur wields a +0 arbalest.
The yaktaur shoots a bolt.
The bolt hits you!!
* * * LOW HITPOINT WARNING * * *
The yaktaur shoots a bolt.
The bolt hits you!
You die...

.. #......#...........).
..######(.....########'#####
.......(.....#.............
########........<..#.............
#...........((.....'.............
#..................#.............
#......3(...####'###.............
#......(.....c.....#.............
###...(######c..@.(#.............
#...<.....#c.....#.....#.......
#...4.....#......#.....#.......
##........########.....#.......
.................).....#.......
..........###.......)....#.......
....c.#.#................#.......
W...c∩#..................#.......
....###.#................#.......


You could see a yaktaur captain and 2 yaktaurs.

Vanquished Creatures
  An orc warlord (Bailey)
  Josephine (D:13)
  A catoblepas (Lair:6)
  5 hydras
  A two-headed ogre (D:11)
  A deep troll shaman (Lair:6)
  5 death yaks (Lair:6)
  A wizard (D:12)
  5 lindwurms (Lair:6)
  3 orc knights (Bailey)
  2 manticores
  Maurice (D:13)
  4 elephants
  A torpor snail (Lair:5)
  4 black mambas
  4 spiny frogs
  A gargoyle (D:13)
  2 kobold demonologists
  2 rime drakes
  6 komodo dragons
  A hornet (D:9)
  3 jumping spiders (Lair:3)
  5 slime creatures
  9 dream sheep (Lair:5)
  10 blink frogs
  3 hippogriffs
  3 redbacks (Lair:3)
  5 wraiths
  Sigmund (D:3)
  24 yaks
  A wyvern (D:9)
  A human (D:8)
  4 hogs (D:8)
  3 basilisks
  A hungry ghost (D:12)
  2 wargs (D:10)
  A soldier ant (D:11)
  7 water moccasins
  10 porcupines
  4 ice beasts
  12 orc warriors
  3 sky beasts
  2 black bears
  3 ogres
  8 centaurs
  50 wolves
  8 crocodiles
  4 big kobolds
  9 bullfrogs
  3 scorpions
  A water moccasin skeleton (D:12)
  14 killer bees
  9 wights
  2 howler monkeys (D:8)
  2 crimson imps
  2 centaur skeletons
  4 centaur zombies
  5 orc priests
  2 bullfrog zombies
  2 bullfrog skeletons
  6 hounds
  7 jellies
  12 orc wizards
  An iguana (D:9)
  15 worker ants
  A killer bee zombie (Ossuary)
  2 hound zombies (Ossuary)
  9 mummies (Ossuary)
  A howler monkey zombie (D:6)
  4 worker ant zombies
  20 gnolls
  18 adders
  A shadow imp (D:10)
  An ooze (D:1)
  2 adder zombies (Ossuary)
  An adder skeleton (D:9)
  A worm (D:2)
  4 leopard geckos
  51 orcs
  8 giant cockroaches
  23 goblins
  22 hobgoblins
  4 jackals (D:1)
  5 quokkas
  A ball python (D:5)
  14 bats
  5 frilled lizards
  26 kobolds
  A leopard gecko zombie (Ossuary)
  3 quokka zombies
  6 rats
  A rat zombie (D:8)
  A fungus (Lair:6)
  2 plants (Lair:6)
573 creatures vanquished.

Vanquished Creatures (collateral kills)
  An elephant (Lair:6)
  5 wights
  A hobgoblin (Bailey)
7 creatures vanquished.

Vanquished Creatures (others)
  5 dancing weapons
  19 fungi
  25 plants
49 creatures vanquished.

Grand Total: 629 creatures vanquished

Notes
Turn   | Place    | Note
-------+----------+-------------------------------------------
     0 | D:1      | MirrMurr the Spriggan Enchanter began the quest for the
                  | Orb.
     0 | D:1      | Reached XP level 1. HP: 9/9 MP: 5/5
   247 | D:1      | Reached skill level 5 in Stealth
   321 | D:1      | Reached XP level 2. HP: 7/13 MP: 4/6
   328 | D:1      | Learned a level 2 spell: Ensorcelled Hibernation
  1289 | D:1      | Reached XP level 3. HP: 12/16 MP: 2/8
  1950 | D:1      | Learned a level 3 spell: Confuse
  2513 | D:1      | Reached XP level 4. HP: 17/21 MP: 3/9
  2770 | D:2      | Found a sparkling altar of Nemelex Xobeh.
  3151 | D:2      | Found a sparkling altar of Nemelex Xobeh.
  3788 | D:3      | Found an ornate altar of the Wu Jian Council.
  3794 | D:3      | Became a worshipper of the Wu Jian Council
  3822 | D:3      | Noticed Sigmund
  3834 | D:3      | Killed Sigmund
  3834 | D:3      | Reached XP level 5. HP: 20/24 MP: 5/10
  3834 | D:3      | Reached XP level 6. HP: 23/28 MP: 5/11
  3839 | D:3      | Learned a level 3 spell: Tukima's Dance
  3933 | D:3      | Found an ancient bone altar of Kikubaaqudgha.
  4259 | D:3      | Found a hazy altar of Hepliaklqana.
  4259 | D:3      | Found a glowing silver altar of Zin.
  4875 | D:4      | Reached skill level 5 in Short Blades
  5054 | D:4      | Found Lucyl's Weapon Boutique.
  5486 | D:4      | Reached skill level 5 in Hexes
  5486 | D:4      | Reached XP level 7. HP: 32/32 MP: 7/13
  5526 | D:5      | Entered Level 5 of the Dungeon
  5591 | D:5      | Found a basalt altar of Yredelemnul.
  5643 | D:5      | Reached * piety under Wu Jian
  5763 | D:5      | Found a blossoming altar of Fedhas.
  6141 | D:5      | Found a deep blue altar of Sif Muna.
  6397 | D:5      | Found a staircase to the Ecumenical Temple.
  6634 | D:6      | Found a radiant altar of Vehumet.
  6699 | D:6      | Reached XP level 8. HP: 34/37 MP: 5/15
  6713 | D:6      | Reached skill level 1 in Fighting
  6821 | D:5      | Found a deep blue altar of Sif Muna.
  6909 | D:6      | Found a transporter.
  6909 | D:6      | Noticed Azzok's ghost (novice OpTm)
  7248 | D:6      | Reached skill level 5 in Dodging
  7306 | D:6      | Found a transporter.
  7617 | D:6      | Found a sacrificial altar of Ru.
  7710 | D:7      | Reached ** piety under Wu Jian
  7955 | D:7      | Got a brightly glowing cloak
  7961 | D:7      | Identified the cursed +0 cloak of the Forest {rElec} (You
                  | found it on level 7 of the Dungeon)
  8134 | D:7      | Learned a level 3 spell: Dazzling Spray
  8483 | D:7      | Found a stormy altar of Qazlal.
  8622 | D:7      | Reached XP level 9. HP: 44/44 MP: 9/16
  9162 | D:7      | Found a stormy altar of Qazlal.
  9433 | D:8      | Noticed a two-headed ogre
  9639 | D:8      | Found a sand-covered staircase.
  9646 | Ossuary  | Entered an ossuary
 10681 | D:8      | Reached *** piety under Wu Jian
 10762 | D:8      | Found a snail-covered altar of Cheibriados.
 10764 | D:8      | Reached skill level 10 in Stealth
 11064 | D:8      | Reached skill level 10 in Dodging
 11709 | D:9      | Reached XP level 10. HP: 49/49 MP: 17/17
 11716 | D:9      | Identified a scroll of acquirement
 11916 | D:9      | Reached **** piety under Wu Jian
 11918 | D:9      | Found Juem's Armour Boutique.
 11957 | D:9      | Found a runed translucent door.
 12313 | D:9      | Found the +10 large shield of Ignorance {rN+ Int-4}
 12339 | D:9      | Found a runed translucent door.
 12339 | D:9      | Noticed an orange crystal statue
 12563 | D:9      | Found a shattered altar of Ashenzari.
 12851 | D:9      | Found a staircase to the Lair.
 12911 | D:10     | Entered Level 10 of the Dungeon
 12995 | D:10     | Found a staircase to the Orcish Mines.
 13427 | D:10     | Reached skill level 5 in Spellcasting
 13708 | D:11     | Found a flagged portal.
 13725 | Bailey   | Entered a bailey
 14437 | Bailey   | Reached ***** piety under Wu Jian
 14602 | Bailey   | Noticed an orc knight
 14709 | Bailey   | Killed an orc knight
 14709 | Bailey   | Reached XP level 11. HP: 37/53 MP: 7/20
 14773 | Bailey   | Noticed an orc knight
 14787 | Bailey   | Killed an orc knight
 14804 | Bailey   | Noticed an orc knight
 14804 | Bailey   | Noticed an orc warlord
 14996 | Bailey   | Killed an orc knight
 15358 | Bailey   | HP: 1/54 [orc warrior/+0 war axe (8)]
 15504 | Bailey   | Killed an orc warlord
 16038 | D:11     | Got a transparent buckler
 16044 | D:11     | Identified the +3 buckler of Beogh's Envy {Int+5 Dex+4}
                  | (You acquired it on level 11 of the Dungeon)
 16217 | D:9      | Bought the +1 steam dragon scales of Hama {*Corrode +Fly
                  | rPois} for 579 gold pieces
 16272 | D:11     | Noticed a two-headed ogre
 16294 | D:11     | Killed a two-headed ogre
 16557 | D:11     | Reached skill level 5 in Fighting
 16667 | Lair:1   | Entered Level 1 of the Lair of Beasts
 16800 | Lair:1   | Noticed a seven-headed hydra
 16817 | Lair:1   | Killed a seven-headed hydra
 16907 | Lair:1   | Reached skill level 10 in Hexes
 17413 | Lair:1   | Reached XP level 12. HP: 60/60 MP: 17/22
 17673 | Lair:1   | Noticed an eight-headed hydra
 17676 | Lair:1   | Killed an eight-headed hydra
 17743 | Lair:2   | Found a staircase to the Shoals.
 17751 | Lair:2   | Reached skill level 10 in Short Blades
 17751 | Lair:2   | Reached skill level 1 in Shields
 18460 | Lair:2   | Reached ****** piety under Wu Jian
 19292 | Lair:2   | Learned a level 3 spell: Spectral Weapon
 19784 | Lair:3   | Got a slimy dagger
 19786 | Lair:3   | Identified the +11 dagger of Ditil {elec, rElec rPois} (You
                  | found it on level 3 of the Lair of Beasts)
 19941 | Lair:3   | Found a hole to the Spider Nest.
 19942 | Lair:3   | Reached skill level 15 in Stealth
 20832 | Lair:4   | Noticed a seven-headed hydra
 20838 | Lair:4   | Killed a seven-headed hydra
 20976 | Lair:4   | Reached skill level 15 in Dodging
 20976 | Lair:4   | Reached XP level 13. HP: 65/65 MP: 23/23
 21401 | Lair:5   | Reached skill level 5 in Shields
 21451 | Lair:5   | You fall through a shaft!
 21451 | Lair:6   | Entered Level 6 of the Lair of Beasts
 21622 | Lair:5   | Found a staircase to the Slime Pits.
 24221 | Lair:6   | Identified the Incunabulum of Heat and Venom
 24226 | Lair:6   | Learned a level 2 spell: Poisonous Vapours
 24809 | D:12     | Learned a level 6 spell: Invisibility
 24811 | D:12     | Learned a level 1 spell: Apportation
 24813 | D:12     | Learned a level 1 spell: Summon Butterflies
 24921 | D:9      | Bought a +1 cloak of magic resistance for 181 gold pieces
 25018 | D:12     | Found a runed translucent door.
 25019 | D:12     | Noticed UristMcMason's ghost (journeyman DECj)
 25551 | D:13     | Reached skill level 1 in Slings
 25617 | D:13     | Reached XP level 14. HP: 49/72 MP: 20/24
 25698 | D:13     | Noticed Maurice
 25703 | D:13     | Killed Maurice
 25993 | D:13     | Found a gate to the Vaults.
 25993 | D:13     | Noticed Josephine
 26015 | D:13     | Killed Josephine
 26342 | D:13     | Shot with a bolt by a yaktaur

Levels and vault maps discovered:
D:1:      saegor_arrival_simple_a, layout_basic
D:2:      layout_rooms, nemelex_altar_shiori
D:3:      layout_loops_corners, lemuel_round_altar, lemuel_round_altar,
          chequers_temple_overflow_statue_of_worship, first_ration,
          minmay_misc_feat_chi, uniq_sigmund
D:4:      layout_basic, serial_shops,
          nicolae_shop_temple_entry_statues_fountains, minivault_23,
          minmay_close_crescents
D:5:      lemuel_upstairs_altar, layout_loops_ring,
          nicolae_overflow_crystal_walls, led_sif_book,
          yredelemnul_altar_generic, minmay_temple_entry_antechambers
D:6:      layout_loops_ring, vehumet_crystals, nicolae_ru_path_of_blood,
          gammafunk_ghost_stat_death
D:7:      layout_rooms, grunt_qazlal_clouds, kennysheep_generic_room_6
D:8:      layout_basic, lemuel_doored_altar, enter_ossuary_4, grunt_livestock
D:9:      layout_irregular_city, nicolae_ashenzari_panopticon,
          grunt_lair_entry_orc_guard_hut, serial_shops, nicolae_shop_stone,
          chequers_guarded_unrand_ignorance
D:10:     layout_roguey, david_orc_3
D:11:     layout_loops_ring, enter_bailey_3
D:12:     layout_irregular_city, gammafunk_ghost_grave
D:13:     layout_grid_maze, david_vaults_2, uniq_josephine, uniq_snorg,
          uniq_maurice
Lair:1:   layout_long_grid, grunt_megastairs_1
Lair:2:   minmay_lair_venomous_thicket, layout_gridlike,
          minmay_shoals_entry_beasts, grunt_forest_stairs_basic,
          grunt_forest_large_clearings
Lair:3:   layout_loops_ring, nicolae_spider_entry_tight_spaces,
          chequers_serial_rivers_large_b
Lair:4:   layout_hall_layers, chequers_serial_rivers_large_a
Lair:5:   layout_big_grid, minmay_slime_entry_pillars
Lair:6:   grunt_lair_end_beastmaster, layout_cave_pods, minmay_lindwurm_lava,
          serial_bayou_shore_b
Ossuary:  ossuary_zaba_flooded
Bailey:   bailey_axe_minmay_hex_keep, bailey

Skill      XL: |  1  2  3  4  5  6  7  8  9 10 11 12 13 14 |
---------------+-------------------------------------------+-----
Stealth        | 5 6 8 11 12 14 15 16 | 16.4
Short Blades   | 2 4 5 7 8 9 11 | 11.8
Hexes          | 5 8 10 | 10.0
Spellcasting   | 3 4 5 6 |  6.1
Fighting       | 3 4 5 6 7 |  7.4
Dodging        | 8 11 12 13 15 16 | 16.1
Shields        | 4 7 |  7.2
Slings         | 1 3 |  3.2

Action                   |  1- 3 |  4- 6 |  7- 9 | 10-12 | 13-15 || total
-------------------------+-------+-------+-------+-------+-------++-------
Melee: Dagger            |   178 |   115 |   725 |   477 |   318 ||  1813
       Rapier            |       |       |       |   499 |       ||   499
 Fire: Hunting sling     |       |       |       |    27 |       ||    27
 Cast: Corona            |     2 |       |       |       |       ||     2
       Ensorcelled Hiber |    27 |    28 |   115 |   225 |    45 ||   440
       Confuse           |       |     2 |    43 |    36 |    45 ||   126
       Tukima's Dance    |       |       |     5 |    14 |       ||    19
       Dazzling Spray    |       |       |       |       |    12 ||    12
Invok: Lunge             |       |    15 |    44 |    87 |    54 ||   200
       Whirlwind         |       |       |     8 |    19 |    16 ||    43
 Abil: Evoke Flight      |       |       |       |       |     2 ||     2
       Stop Flying       |       |       |       |       |     1 ||     1
Evoke: Wand              |       |       |     2 |     2 |       ||     4
  Use: Scroll            |     5 |     4 |    14 |    16 |     5 ||    44
 Stab: Sleeping          |    19 |    27 |    64 |   143 |    54 ||   307
       Confused          |       |     2 |    15 |    25 |    12 ||    54
       Distracted        |       |     2 |     2 |     8 |       ||    12
       Invisible         |       |       |       |       |     4 ||     4
  Eat: Ration            |     1 |     2 |     8 |     8 |     3 ||    22
Armor: Robe              |    30 |     8 |    65 |    23 |       ||   126
       Steam dragon scal |       |       |       |    29 |    18 ||    47
Dodge: Dodged            |   188 |    68 |   518 |   584 |   127 ||  1485
Block: Buckler           |       |       |       |   207 |   109 ||   316

Table legend:
 A = Non-vault XP
 B = Vault XP
 C = Vault XP percentage of total XP
 D = Non-vault monster count
 E = Vault monster count
 F = Vault count percentage of total count
                 A         B        C        D         E       F
            +---------+---------+-------+---------+---------+-------
      Total |   39464 |   30743 |  43.8 |     366 |     211 |  36.6
            +---------+---------+-------+---------+---------+-------
        D:1 |      51 |       0 |   0.0 |      29 |       0 |   0.0
        D:2 |     110 |       0 |   0.0 |      22 |       0 |   0.0
        D:3 |      70 |     223 |  76.1 |      18 |       1 |   5.3
        D:4 |     189 |      92 |  32.7 |      10 |       3 |  23.1
        D:5 |     382 |      77 |  16.8 |      14 |       2 |  12.5
        D:6 |     795 |       0 |   0.0 |      19 |       0 |   0.0
        D:7 |     756 |     145 |  16.1 |      15 |       2 |  11.8
        D:8 |    1043 |     963 |  48.0 |      28 |       7 |  20.0
        D:9 |    2124 |     650 |  23.4 |      21 |       5 |  19.2
       D:10 |    1311 |     379 |  22.4 |      13 |       6 |  31.6
       D:11 |    2473 |       6 |   0.2 |      40 |       4 |   9.1
       D:12 |    3658 |     597 |  14.0 |      21 |       3 |  12.5
       D:13 |    4528 |    1985 |  30.5 |      29 |       4 |  12.1
     Lair:1 |    4159 |    1349 |  24.5 |      12 |       7 |  36.8
     Lair:2 |    2887 |    6047 |  67.7 |      16 |      45 |  73.8
     Lair:3 |     886 |    1565 |  63.9 |       7 |       6 |  46.2
     Lair:4 |    4518 |       0 |   0.0 |      17 |       0 |   0.0
     Lair:5 |    5726 |     391 |   6.4 |      17 |       4 |  19.0
     Lair:6 |    3798 |   10511 |  73.5 |      18 |      19 |  51.4
    Ossuary |       0 |     576 | 100.0 |       0 |      24 | 100.0
     Bailey |       0 |    5187 | 100.0 |       0 |      69 | 100.0
            +---------+---------+-------+---------+---------+-------
